 Dungeon Crawl Stone Soup version 0.32-a0-520-g344ed53f66 (webtiles) character file.

Game seed: 4532687858601435670

35564 Dittersdorf the Peltast (level 13, -7/88 HPs)
             Began as a Gargoyle Fighter on Feb 27, 2024.
             Was an Initiate of Gozag.
             Mangled by a death yak (14 damage)
             ... in a Gauntlet.
             The game lasted 00:25:14 (13001 turns).

Dittersdorf the Peltast (Gargoyle Fighter)         Turns: 13001, Time: 00:25:14

Health: -7/88      AC: 27    Str: 30    XL:     13   Next: 84%
Magic:  13/13      EV: 16    Int: 14    God:    Gozag
Gold:   2771       SH:  7    Dex:  9    Spells: 12/12 levels left

rFire   + . .        a - +1 flail
rCold   . . .        c - +0 buckler
rNeg    + . .        E - +3 leather armour {rF+}
rPois   ∞            u - +0 helmet
rElec   +            y - +2 cloak of Qacac {+Inv Regen+ Int+4}
rCorr   .            i - +0 pair of gloves
SInv    .            v - +2 pair of boots
Will    .....        h - amulet of Vitality {RegenMP++ Regen++}
Stlth   +            G - +5 ring of evasion
HPRegen 2.74/turn    w - +6 ring of strength
MPRegen 0.93/turn

%: no teleportation
@: gold aura, studying Shields
A: sickness immunity, AC +9, negative energy resistance 1, electricity
resistance, torment resistance 1, petrification resistance
a: Renounce Religion, Evoke Invisibility, Potion Petition, Call Merchant, Bribe
Branch


You were in a Gauntlet.
You worshipped Gozag.
Gozag was most pleased with you.
You visited 3 branches of the dungeon, and saw 15 of its levels.
You also visited: Sewer, Ossuary and Gauntlet.

You collected 2871 gold pieces.
You paid 100 gold pieces to Gozag.

Inventory:

Hand Weapons
 a - a +1 flail (weapon)
Missiles
 C - 2 throwing nets
Armour
 c - a +0 buckler (worn)
 i - a +0 pair of gloves (worn)
 u - a +0 helmet (worn)
 v - a +2 pair of boots (worn)
 y - the +2 cloak of Qacac (worn) {+Inv Regen+ Int+4}
   (You acquired it on level 5 of the Dungeon)

   Int+4:     It affects your intelligence (+4).
   +Inv:      It lets you turn invisible.
   Regen+:    It increases your rate of health regeneration.
 E - a +3 leather armour of fire resistance (worn)
Magical Staves
 f - a staff of earth
Jewellery
 h - the amulet of Vitality (around neck) {RegenMP++ Regen++}
   (You acquired it on level 5 of the Dungeon)

   [amulet of magic regeneration]

   RegenMP:   It increases your rate of magic regeneration.
   Regen++:   It increases your rate of health regeneration.
 l - a ring of ice
 p - a ring of see invisible
 w - a +6 ring of strength (right hand)
 G - a +5 ring of evasion (left hand)
Wands
 b - a wand of digging (3)
 r - a wand of acid (2) (quivered)
 s - a wand of iceblast (5)
Scrolls
 e - 3 scrolls of enchant armour
 g - 4 scrolls of teleportation
 k - 4 scrolls of enchant weapon
 t - 4 scrolls of fog
 F - a scroll of revelation
Potions
 d - 4 potions of might
 j - 3 potions of haste
 m - 3 potions of invisibility
 n - 2 potions of brilliance
 o - 3 potions of resistance
 q - 6 potions of curing
 x - a potion of magic
 z - 2 potions of mutation
 A - 2 potions of heal wounds
 D - 2 potions of enlightenment {unknown}


   Skills:
 + Level 13.3 Fighting
 + Level 12.0 Maces & Flails
 + Level 13.3 Armour
 + Level 15.8 Shields


You had 12 spell levels left.
You didn't know any spells.
Your spell library contained the following spells:

 Spells                   Type           Power      Damage    Failure   Level
 Magic Dart               Conj           0%         1d3       32%         1
 Shock                    Conj/Air       0%         1d3       32%         1
 Summon Small Mammal      Summ           0%         N/A       32%         1
 Ensorcelled Hibernation  Hex/Ice        0%         N/A       45%         2
 Searing Ray              Conj           0%         2d4       45%         2
 Static Discharge         Conj/Air       0%         3-3/arc   45%         2
 Call Canine Familiar     Summ           0%         N/A       69%         3
 Ozocubu's Armour         Ice            0%         N/A       69%         3
 Passwall                 Erth           0%         N/A       69%         3
 Swiftness                Air            0%         N/A       69%         3
 Tukima's Dance           Hex            0%         N/A       69%         3
 Airstrike                Air            0%         2d(0-16)  97%         4
 Fulminant Prism          Conj/Alch      0%         3d5       97%         4
 Ignite Poison            Fire/Alch      0%         N/A       97%         4
 Passage of Golubria      Tloc           0%         N/A       97%         4
 Summon Blazeheart Golem  Fire/Summ      0%         N/A       97%         4
 Summon Lightning Spire   Summ/Air       0%         N/A       97%         4
 Freezing Cloud           Conj/Ice/Air   0%         6-21      100%        5
 Metabolic Englaciation   Hex/Ice        0%         N/A       100%        5
 Yara's Violent Unravell  Hex/Alch       0%         3d3       100%        5
 Sculpt Simulacrum        Ice/Alch       0%         N/A       100%        6
 Cigotuvi's Dreadful Rot  Necr/Alch/Air  Unusable   N/A       N/A         2

Dungeon Overview and Level Annotations

Branches:
Dungeon (10/15)            Temple (1/1) D:6            Lair (4/5) D:9
 Shoals (0/4) Lair:2        Snake (0/4) Lair:2        Slime (0/5) Lair:4
  Sewer (visited)         Ossuary (visited)         Gauntlet (1/1)
    Orc: D:9-12

Altars:
Ashenzari
Cheibriados
Dithmenos
Elyvilon
Fedhas
Gozag
Hepliaklqana
Kikubaaqudgha
Makhleb
Nemelex Xobeh
Okawaru
Qazlal
Ru
Sif Muna
Trog
Uskayaw
Vehumet
Wu Jian
Xom
Yredelemnul
Zin
The Shining One
Jiyva

Shops:
D:9 *

Annotations:
Gauntlet 9 transporters, 2 runed translucent doors


Innate Abilities, Weirdness & Mutations

You are immune to sickness and miasma.
Your stone body is resilient. (AC +9)
You are immune to poison.
You resist negative energy. (rN+)
You are resistant to electric shocks. (rElec)
You are resistant to unholy torment.
You are immune to petrification.


Message History

The death yak closely misses you. The death yak gores you.
You sock the death yak!
The death yak is severely wounded.
The ice dragon simulacrum is distracted by your dazzling golden aura.
The death yak is engulfed in poison gas.
The death yak looks as sick as possible!
You block the death yak's attack.
The death yak gores you but does no damage.
You hit the death yak.
The death yak is almost dead.
The ice dragon simulacrum is no longer distracted by gold.
The death yak gores you. You block the death yak's attack.
You hit the death yak.
The death yak is almost dead.
You block the death yak's attack.
The death yak is engulfed in poison gas.
The death yak looks as sick as possible!
You kill the death yak!
The death yak closely misses you. The death yak gores you!!
* * * LOW HITPOINT WARNING * * *
Your Maces & Flails skill increases to level 12!
You sock the death yak!
You kill the death yak!
The necromancer points at you and mumbles some strange words.
Your body is wracked with pain!
* * * LOW HITPOINT WARNING * * *
The death yak gores you but does no damage. x2
The necromancer misses you. The death yak completely misses you.
You see here 14 gold pieces.
You barely miss the necromancer.
The necromancer is moderately wounded.
The necromancer looks more healthy.
The necromancer casts a spell.
The necromancer binds the souls of nearby monsters.
The death yak gores you!
* * * LOW HITPOINT WARNING * * *
The death yak is distracted by your dazzling golden aura.
The death yak gores you!
You die...
Your body crumbles into a pile of gold.

#.♣.#..P..#©#≈©.#.#©#.......#.
.##...#.♣...#=#≈..#.###...♣P..#.
....©.#.P...#.###+#.#...P.....#.
##...#.....#ZZZZZ..#...#≈#≈#.#.
.##.©.#.....#########..P≈≈≈≈≈.#.
......#..∩............♣.#≈#≈#.#©
.##.©.#.....#########.P.≈≈≈≈≈.#.
.##...#.....#YY$p...#...#≈#≈#.#.
....©.#.P...#$#@#.ß.#...PP..P.#.
.##...#.♣...#.Y☼....###..P♣...#.
#.♣.#..PP.#©#○©.ß○#©#.......#.
.....##..♣.#[......#.#########.
.##.♣. ##.P.#(#.#.⌠.#.#.......#.
#...##≈...#..°.°..#.#(###.#.#. #
# #≈≈...#########.#.###...#.
##≈.♣.........#©#©###©).#©
##.P.#########.#....##.##


You could see 3 death yaks, a necromancer, an ice dragon simulacrum, 3 centaur
warrior simulacra and a meliai simulacrum.

Vanquished Creatures
  A sphinx (D:10)
  3 hydras
  10 death yaks
  A tengu warrior (Gauntlet)
  3 two-headed ogres
  A skeletal warrior (D:10)
  6 elephants
  A meliai (shapeshifter) (D:10)
  A salamander (Lair:2)
  A black mamba (Lair:1)
  4 cane toads
  Joseph (D:8)
  7 komodo dragons
  2 tengu conjurers
  A troll (D:7)
  2 polar bears
  Grinder (D:6)
  13 hornets
  5 blink frogs
  Sigmund (D:2)
  A spriggan (Lair:1)
  A wyvern (Lair:3)
  2 shadows
  2 wraiths
  4 humans (D:8)
  2 basilisks
  30 yaks
  A steam dragon (D:8)
  Menkaure (D:6)
  3 nagas (Lair:2)
  12 water moccasins
  2 orc warriors
  A black bear (D:5)
  An ogre (D:5)
  2 sky beasts
  3 wolves
  6 centaurs
  A kobold brigand (D:5)
  An elf zombie (Ossuary)
  10 bullfrogs
  2 brain worms (Sewer)
  2 gnoll sergeants
  5 scorpions
  4 wights (D:10)
  4 killer bees (D:9)
  4 jellies
  3 electric eels
  4 howler monkeys
  2 bombardier beetles
  3 hounds
  2 orc priests
  Crazy Yiuf (D:2)
  3 centaur zombies (Ossuary)
  2 human zombies (Ossuary)
  2 gnoll boudas
  Jessica (D:3)
  7 iguanas
  11 orc wizards
  3 sleepcaps
  Terence (D:3)
  6 hound zombies (Ossuary)
  2 mummies (Ossuary)
  15 gnolls
  15 adders
  A shadow imp (D:7)
  2 ufetubi (D:6)
  7 adder zombies (Ossuary)
  2 ribbon worms (D:5)
  The ghost of Esekla the Sneak, a weakling OpDe (D:5)
  2 dart slugs
  27 orcs
  13 ball pythons
  10 bats
  6 endoplasms
  3 giant cockroaches
  5 goblins
  5 hobgoblins
  7 quokkas
  10 frilled lizards
  4 gnoll zombies (Ossuary)
  A goblin zombie (D:4)
  5 jackal zombies (Ossuary)
  14 kobolds
  3 kobold zombies (Ossuary)
  6 orc zombies (Ossuary)
  A quokka zombie (D:4)
  6 rats
396 creatures vanquished.

Notes
Turn   | Place    | Note
-------+----------+-------------------------------------------
     0 | D:1      | Dittersdorf the Gargoyle Fighter began the quest for the
                  | Orb.
     0 | D:1      | Reached XP level 1. HP: 14/14 MP: 1/1
   142 | D:1      | Reached XP level 2. HP: 19/19 MP: 2/2
   149 | D:1      | Found a faded altar of an unknown god.
   648 | D:2      | Reached XP level 3. HP: 23/23 MP: 3/3
   661 | D:2      | Found an ancient bone altar of Kikubaaqudgha.
   963 | D:2      | Noticed Sigmund
   981 | D:2      | Killed Sigmund
   982 | D:2      | Reached skill level 4 in Shields
   982 | D:2      | Reached XP level 4. HP: 29/30 MP: 4/4
   982 | D:2      | Reached XP level 5. HP: 33/34 MP: 5/5
  1297 | D:2      | Found a runed translucent door.
  1298 | D:2      | Noticed Crazy Yiuf
  1308 | D:2      | Killed Crazy Yiuf
  1309 | D:2      | Reached XP level 6. HP: 17/39 MP: 6/6
  1855 | D:3      | Noticed Jessica
  1862 | D:3      | Killed Jessica
  2317 | D:3      | Noticed Terence
  2324 | D:3      | Killed Terence
  2325 | D:3      | Reached skill level 5 in Armour
  2325 | D:3      | Reached skill level 5 in Shields
  2574 | D:4      | Reached skill level 5 in Fighting
  2574 | D:4      | Reached XP level 7. HP: 21/44 MP: 7/7
  2595 | D:4      | Identified the +1 cloak of Olasaqoss {*Corrode Int+3 Slay+3
                  | Stlth+}
  2764 | D:4      | Found a sand-covered staircase.
  2782 | Ossuary  | Entered an ossuary
  3010 | Ossuary  | Reached XP level 8. HP: 31/51 MP: 8/8
  3135 | Ossuary  | Reached skill level 6 in Shields
  3329 | D:4      | Found a sacrificial altar of Ru.
  3398 | D:4      | Reached skill level 5 in Maces & Flails
  3898 | D:5      | Entered Level 5 of the Dungeon
  3898 | D:5      | Noticed Esekla's ghost (weakling OpDe)
  3898 | D:5      | Found a large runed translucent door.
  3898 | D:5      | Found a large runed translucent door.
  3905 | D:5      | Identified 2 scrolls of acquirement
  3905 | D:5      | Acquired the +2 cloak of Qacac {+Inv Regen+ Int+4}
  3918 | D:5      | Acquired the amulet of Vitality {RegenMP++ Regen++}
  3918 | D:5      | Found the amulet of Vitality {RegenMP++ Regen++}
  4102 | D:5      | Noticed a two-headed ogre
  4138 | D:5      | Killed a two-headed ogre
  4139 | D:5      | Reached skill level 7 in Shields
  4139 | D:5      | Reached XP level 9. HP: 57/57 MP: 9/9
  4913 | D:5      | Killed Esekla's ghost
  4990 | D:6      | Noticed Grinder
  4991 | D:6      | Paralysed by Grinder for 4 turns
  5018 | D:6      | Killed Grinder
  5102 | D:6      | Found a staircase to the Ecumenical Temple.
  5111 | Temple   | Entered the Ecumenical Temple
  5150 | Temple   | Became a worshipper of Gozag Ym Sagoz the Greedy
  5213 | D:6      | Noticed Menkaure
  5218 | D:6      | Killed Menkaure
  5219 | D:6      | Reached skill level 8 in Shields
  5237 | D:6      | Found a glowing drain.
  5251 | Sewer    | Entered a sewer
  5873 | D:6      | Reached XP level 10. HP: 61/64 MP: 10/10
  7480 | D:8      | Reached skill level 9 in Shields
  7662 | D:8      | Noticed Joseph
  7671 | D:8      | Killed Joseph
  7704 | D:8      | Found a white marble altar of Elyvilon.
  8063 | D:9      | Found Saupniun's CLEARANCE SALE!.
  8164 | D:9      | Reached XP level 11. HP: 72/72 MP: 11/11
  8369 | D:9      | Reached skill level 10 in Shields
  8374 | D:9      | Reached skill level 10 in Fighting
  8386 | D:9      | Reached skill level 10 in Armour
  8444 | D:9      | Found a staircase to the Lair.
  8708 | D:10     | Entered Level 10 of the Dungeon
  8776 | D:10     | Acquired a manual of Shields
  8793 | D:10     | Noticed a skeletal warrior
  8817 | D:10     | Killed a skeletal warrior
  8878 | D:10     | Noticed a two-headed ogre
  8896 | D:10     | Noticed a two-headed ogre
  8897 | D:10     | Killed a two-headed ogre
  8907 | D:10     | Reached skill level 11 in Shields
  8919 | D:10     | Killed a two-headed ogre
  8976 | D:10     | Identified the staff of Slime {rN+ rCorr Str+4 Int-5 Necro}
  8988 | D:10     | Noticed a sphinx
  9011 | D:10     | Paralysed by a sphinx for 5 turns
  9045 | D:10     | Killed a sphinx
  9157 | D:10     | Reached XP level 12. HP: 79/79 MP: 12/12
  9198 | D:10     | Reached skill level 12 in Shields
  9582 | Lair:1   | Entered Level 1 of the Lair of Beasts
  9590 | Lair:1   | Reached skill level 10 in Maces & Flails
  9601 | Lair:1   | Noticed a death yak
  9602 | Lair:1   | Noticed a death yak
  9604 | Lair:1   | Noticed a death yak
  9646 | Lair:1   | Killed a death yak
  9793 | D:9      | Killed a death yak
  9794 | D:9      | Reached skill level 13 in Shields
  9915 | Lair:1   | Killed a death yak
 10915 | Lair:1   | Reached skill level 14 in Shields
 10920 | Lair:1   | Reached XP level 13. HP: 80/86 MP: 13/13
 11237 | Lair:2   | Found a staircase to the Shoals.
 11333 | Lair:2   | Found a staircase to the Snake Pit.
 12224 | Lair:3   | Reached skill level 15 in Shields
 12410 | Lair:4   | Found a viscous altar of Jiyva.
 12412 | Lair:4   | Found a staircase to the Slime Pits.
 12647 | Lair:4   | Found a gate leading to a gauntlet.
 12656 | Gauntlet | Entered a Gauntlet
 12656 | Gauntlet | Found a transporter.
 12662 | Gauntlet | Found a runed translucent door.
 12666 | Gauntlet | Found a transporter.
 12677 | Gauntlet | Found a transporter.
 12680 | Gauntlet | Found a transporter.
 12690 | Gauntlet | Found a transporter.
 12706 | Gauntlet | Found a transporter.
 12717 | Gauntlet | Found a transporter.
 12727 | Gauntlet | Found a transporter.
 12737 | Gauntlet | Found a runed translucent door.
 12739 | Gauntlet | Found a runed translucent door.
 12741 | Gauntlet | Found a transporter.
 12741 | Gauntlet | Found a transporter.
 12755 | Gauntlet | Found a transporter.
 12766 | Gauntlet | Found a transporter.
 12810 | Gauntlet | Found a transporter.
 12824 | Gauntlet | Found a transporter.
 13001 | Gauntlet | Mangled by a death yak

Illustrated notes

Levels and vault maps discovered:
D:1:      psy_arrival_whirlpool, layout_basic,
          shapermc_ecumenical_altar_notcrosses
D:2:      layout_rooms, basic_altar, serial_corexii_hall,
          corexii_hall_statues_u, chequers_hall_statues_corner_a,
          corexii_hall_statues_deadend, chequers_hall_statues_y,
          uniq_crazy_yiuf_cottage, uniq_sigmund
D:3:      minmay_skewed_foursquare, layout_basic,
          nicolae_houndstooth_variations, uniq_jessica, uniq_terence
D:4:      layout_cave_pods, mainiacjoe_overflow_alcove_1, enter_ossuary_4,
          nicolae_grassy_gnolls
D:5:      old_forge, layout_basic, ebering_ghost_disaster_area, st_stairs_11
D:6:      layout_basic, minmay_temple_entry_sparse_star, portal_sewer_entry_d,
          uniq_grinder, uniq_menkaure
D:7:      nicolae_cairo_tiling_large, layout_loops_cross
D:8:      layout_basic, elyvilon_altar_1, minmay_ruffians, uniq_joseph
D:9:      layout_small_grid, dpeg_oklobed_lair, nicolae_shop_clearance
D:10:     layout_rooms, nicolae_doodle_vault
Temple:   mainiacjoe_temple_big_plus
Lair:1:   layout_chaotic_city, wad_woods_03, infiniplex_staircase_pool,
          lemuel_fruit_tree, grunt_megastairs_1
Lair:2:   layout_long_grid, minmay_shoals_entry_centaurs,
          alex1729_snake_entry_snake, minmay_hedge_maze, dreamdust_wasp_nest
Lair:3:   layout_hall_layers, minivault_27
Lair:4:   layout_regular_city, slime_entry_2, gauntlet_entry_generic,
          nicolae_lair_grove_arrangements, cheibrodos_lair_caveside_slide,
          beast_lair_carwin_7, serial_bayou_shore_a
Gauntlet: minmay_gauntlet_77_tree [minmay_gauntlet_arena_77_path,
          minmay_gauntlet_arena_77_two_lines,
          minmay_gauntlet_arena_77_block_sizes, minmay_gauntlet_arena_77_braids,
          minmay_gauntlet_arena_77_shame_cube, minmay_gauntlet_arena_77_museum,
          minmay_gauntlet_arena_77_terracotta_army, gauntlet_exit_green]

Skill      XL: |  1  2  3  4  5  6  7  8  9 10 11 12 13 |
---------------+----------------------------------------+-----
Fighting       | 4 5 7 8 9 10 12 13 | 13.3
Maces & Flails | 3 4 6 7 8 9 11 12 | 12.0
Armour         | 4 5 7 8 9 10 12 13 | 13.3
Shields        | 4 5 7 8 9 11 14 15 | 15.8

Action                     |  1- 3 |  4- 6 |  7- 9 | 10-12 | 13-15 || total
---------------------------+-------+-------+-------+-------+-------++-------
  Melee: Flail             |   139 |   159 |   597 |  1069 |   414 ||  2378
  Throw: Dart              |       |       |     3 |       |       ||     3
  Evoke: Wand              |       |       |     5 |     3 |       ||     8
    Use: Scroll            |       |     5 |    10 |     9 |     3 ||    27
         Potion            |       |       |       |     4 |       ||     4
   Stab: Distracted        |       |       |       |     4 |       ||     4
 Armour: Scale mail        |   105 |   145 |   481 |    70 |       ||   801
         Leather armour    |       |       |       |   812 |   362 ||  1174
         Plate armour      |       |       |       |    43 |       ||    43
  Dodge: Dodged            |    65 |    63 |   336 |   895 |   349 ||  1708
         Repelled          |       |     2 |     2 |     1 |     6 ||    11
  Block: Buckler           |    31 |    32 |   157 |   410 |   175 ||   805

Table legend: (Time is in decaauts)
 A = Elapsed time spent in this place.
 B = Non-inter-level travel time spent in this place.
 C = Inter-level travel time spent in this place.
 D = Time resting spent in this place.
 E = Time spent auto-exploring this place.
 F = Levels seen in this place.
 G = Mean time per level.
                   A        B        C        D        E       F      G
               +--------+--------+--------+--------+--------+-----+--------+
         Total |  13140 |  12212 |    928 |    306 |   7241 |  18 |  730.0 |
       Dungeon |   9026 |   8278 |    748 |    251 |   5076 |  10 |  902.6 |
        Temple |     77 |      2 |     75 |      0 |      0 |   1 |   77.0 |
          Lair |   2802 |   2697 |    105 |      0 |   1653 |   4 |  700.5 |
         Sewer |    454 |    454 |      0 |      0 |    309 |   1 |  454.0 |
       Ossuary |    444 |    444 |      0 |     54 |     54 |   1 |  444.0 |
      Gauntlet |    334 |    334 |      0 |      0 |    149 |   1 |  334.0 |
               +--------+--------+--------+--------+--------+-----+--------+

Top non-repeatable levels by time:
     D:3: 1111 daAuts
     D:5: 1080 daAuts
     D:4: 1060 daAuts
     D:9: 1048 daAuts
  Lair:1: 1043 daAuts
     D:7: 925 daAuts
  Lair:2: 923 daAuts
     D:2: 905 daAuts
    D:10: 820 daAuts
     D:6: 758 daAuts
     D:1: 670 daAuts
     D:8: 644 daAuts
  Lair:3: 549 daAuts
   Sewer: 454 daAuts
 Ossuary: 444 daAuts
